Description

4 GHOST HARASS

Replay - 4 Ghost harrass

Build Order

Get SALT Encoding   

  12  0:01  SCV  
  13  0:09  SCV  
  14  0:20  Supply Depot  
  14  0:23  SCV  
  15  0:29  Refinery  
  15  0:33  SCV  
  16  0:46  Barracks  
  16  0:50  SCV  FILL GAS
  16  0:56  Refinery  
  17  1:03  SCV  
  18  1:08  SCV  
  19  1:13  SCV  FILL GAS
  20  1:33  Barracks Tech Lab, Ghost Academy  FILL GAS
  20  1:42  Orbital Command  
  20  2:03  Ghost  
  22  2:04  Supply Depot  
  22  2:07  SCV  
  23  2:13  SCV  
  23  2:23  Factory  
  23  2:32  Ghost  
  26  2:40  Supply Depot  
  27  2:48  Ghost  
  27  3:00  Supply Depot  
  30  3:10  Starport  
  32  3:28  Ghost  
  34  3:42  Command Center  
  34  3:48  Medivac  
  37  3:57  Supply Depot  
  37  4:17  Personal Cloaking  
  40  4:30  Barracks x2  
  41  4:35  Refinery x2  
  41  4:48  Supply Depot  
Spawning Tool Build Advisor. Get it on Overwolf

Analysis

4 GHOST HARASS

Go to:

Details

  • Created by: 7xMontyPythonx7
  • Published on: May 20, 2020
  • Modified on: May 20, 2020
  • Patch: 4.11.0
Show
View Real Time Build Order
Export as new Build Order

Comments (0)

There are no comments. Be the first!

Create an account to comment!